AoeStats
← White

Arena

510780226Analyzed
4v4 RM · 22h ago on Oct 2, 2026· 46m 39s· 8 players
Game mode
Random Map
Map size
Large (8 player)
Population
200
Speed
Normal
Resources
Standard
Victory
Conquest
Starting age
Dark Age
Ending age
Imperial Age
RankedLock teamsTeams togetherTeam positionsShared explorationLock speedFull tech treeHidden civsTurbo modeCheats
Victory
Defeat
🇹🇼 Varangians · Taiwan
1205
+13
🇨🇳 Burgundians · China
1149
+15
🇹🇼 Turks · Taiwan
1117
+17
🇦🇷 Japanese · Argentina
1116
+16
🇺🇸 Vikings · United States
1155
-16
1133
-15
🇲🇽 Celts · Mexico
1127
-15
🇸🇪 Spanish · Sweden
1123
-15
WhiteFrost
10:28 Feudal Age
14:44 Castle Age
13:43 Double-Bit Axe
14:40 Loom
16:29 Horse Collar
19:55 Arson
20:46 Bow Saw
24:44 Squires
25:19 Town Watch
25:48 Forging
27:36 Heavy Plow
30:21 Imperial Age
27:57 Fletching
30:11 Padded Archer Armor
31:19 Elite Skirmisher
31:59 Bodkin Arrow
32:21 Leather Archer Armor
32:34 Gold Mining
34:38 Crossbowman
[VL]_EoMeR_
11:39 Feudal Age
15:26 Castle Age
13:40 Horse Collar
13:46 Double-Bit Axe
16:51 Wheelbarrow
17:06 Bow Saw
17:14 Fervor
27:00 Heavy Plow
28:13 Scale Mail Armor
31:09 Imperial Age
29:12 Chain Mail Armor
29:53 Forging
30:32 Stone Mining
30:33 Gold Mining
31:51 Iron Casting
32:04 Stone Shaft Mining
32:06 Gold Shaft Mining
32:23 Plate Mail Armor
31:24 Capped Ram
31:32 Elite Woad Raider
33:46 Blast Furnace
33:05 Hand Cart
33:16 Pikeman
34:10 Halberdier
White
10:38 Feudal Age
11:20 Loom
16:32 Castle Age
15:11 Stone Mining
15:06 Horse Collar
15:53 Double-Bit Axe
23:29 Town Watch
26:58 Heavy Plow
29:52 Wheelbarrow
30:38 Bow Saw
30:41 Scale Barding Armor
30:57 Gold Mining
32:27 Husbandry
33:16 Bloodlines
35:57 Imperial Age
34:22 Bloodlines
35:59 Cavalier
37:17 Chain Barding Armor
37:07 Forging
38:39 Plate Barding Armor
41:13 Chemistry
42:24 Iron Casting
41:12 Paladin
follow the white rabbit Δ
11:39 Feudal Age
12:21 Double-Bit Axe
12:16 Horse Collar
16:16 Castle Age
17:57 Wheelbarrow
17:39 Bow Saw
21:11 Hand Cart
21:08 Loom
21:26 Town Watch
26:48 Heavy Plow
28:10 Fletching
28:20 Padded Archer Armor
28:42 Ballistics
28:20 Gold Mining
29:11 Bodkin Arrow
32:24 Imperial Age
30:30 Leather Archer Armor
30:29 Fortified Wall
30:15 Murder Holes
30:36 Masonry
31:43 Gold Shaft Mining
32:25 Capped Ram
33:13 Bracer
34:14 Chemistry
33:38 Conscription
33:58 Drill
33:27 Elite Mangudai
明仔
11:20 Feudal Age
16:17 Castle Age
15:27 Horse Collar
18:14 Double-Bit Axe
19:17 Loom
26:48 Wheelbarrow
26:57 Heavy Plow
31:19 Imperial Age
29:12 Ballistics
29:00 Treadmill Crane
29:24 Scale Mail Armor
30:08 Bow Saw
30:26 Hand Cart
30:05 Gold Mining
30:09 Stone Mining
31:31 Gold Shaft Mining
31:17 Masonry
32:36 Conscription
32:19 Murder Holes
32:39 Fletching
34:50 Two-Man Saw
33:42 Elite Skirmisher
34:28 Thumb Ring
34:59 Chain Mail Armor
34:54 Forging
35:22 Fortified Wall
39:02 Chemistry
40:47 Padded Archer Armor
42:16 Bodkin Arrow
42:45 Elite Samurai
45:02 Guard Tower
46:46 Yasama
Gamer
10:42 Feudal Age
14:39 Castle Age
12:59 Double-Bit Axe
13:41 Horse Collar
15:23 Loom
17:03 Heavy Plow
22:13 Bow Saw
24:05 Wheelbarrow
28:45 Imperial Age
26:55 Hand Cart
26:37 Fletching
26:42 Gambesons
26:57 Squires
27:17 Gold Mining
27:18 Stone Mining
27:52 Forging
29:46 Iron Casting
29:11 Scale Mail Armor
29:17 Gambesons
29:32 Squires
31:14 Two-Man Saw
31:17 Elite Varangian Guard
32:19 Conscription
32:42 Bodkin Arrow
33:48 Blast Furnace
33:03 Chain Mail Armor
32:31 Treadmill Crane
32:26 Elite Skirmisher
34:04 Crop Rotation
34:01 Bracer
34:23 Ballistics
36:14 Padded Archer Armor
36:45 Plate Mail Armor
35:51 Pikeman
39:37 Leather Archer Armor
39:28 Siege Engineers
38:48 Halberdier
41:03 Gothikon
44:07 Town Watch
45:24 Chemistry
45:23 Ring Archer Armor
45:05 Masonry
542255641
5:52 Double-Bit Axe
11:06 Feudal Age
11:58 Horse Collar
12:57 Bow Saw
14:55 Castle Age
16:15 Heavy Plow
22:49 Two-Man Saw
23:01 Wheelbarrow
24:35 Hand Cart
24:10 Loom
26:19 Scale Barding Armor
26:48 Coinage
28:54 Imperial Age
26:31 Gold Mining
26:32 Stone Mining
26:57 Forging
27:27 Crop Rotation
28:51 Chain Barding Armor
29:06 Iron Casting
29:12 Husbandry
28:33 Cavalier
30:42 Plate Barding Armor
30:43 Iron Casting
31:45 Chemistry
30:25 Paladin
30:29 Light Cavalry
32:38 Banking
32:09 Town Watch
31:53 Hussar
34:33 Blast Furnace
35:33 Gold Shaft Mining
35:33 Stone Shaft Mining
36:15 Burgundian Vineyards
36:32 Conscription
39:23 Guilds
42:06 Fletching
42:16 Padded Archer Armor
43:42 Bodkin Arrow
44:02 Leather Archer Armor
zhenwei0130
12:59 Feudal Age
13:50 Double-Bit Axe
16:28 Castle Age
15:03 Gold Mining
15:10 Horse Collar
17:16 Loom
21:21 Imperial Age
24:14 Padded Archer Armor
26:43 Wheelbarrow
27:35 Forging
27:57 Bow Saw
30:27 Leather Archer Armor
34:42 Ring Archer Armor
34:29 Stone Mining
35:55 Gold Shaft Mining
36:02 Heavy Plow
37:03 Hand Cart
39:50 Ballistics
39:12 Treadmill Crane
42:42 Town Watch
43:24 Bombard Tower
43:31 Artillery
45:24 Two-Man Saw
45:00 Scale Barding Armor
45:31 Iron Casting
45:07 Bloodlines
44:58 Husbandry
45:58 Conscription
Connection lost

Rejoining the realm…

Still unreachable

The connection could not be restored.

Session expired

The server has moved on; the page needs a fresh start.